 Dungeon Crawl Stone Soup version 0.25.0-9-g26727b657a (webtiles) character file.

Game seed: 2374784776749037472

17 po7itron the Skirmisher (level 2, -2/27 HPs)
             Began as a Minotaur Fighter on June 21, 2020.
             Engulfed by a cloud of flame (7 damage)
             ... on level 1 of the Dungeon.
             The game lasted 00:02:19 (650 turns).

po7itron the Skirmisher (Minotaur Fighter)           Turns: 650, Time: 00:02:19

Health: -2/27      AC:  9    Str: 20    XL:     2   Next: 44%
Magic:  1/1        EV: 23    Int:  5    God:
Gold:   41         SH:  9    Dex: 12    Spells: 1/1 levels left

rFire    . . .     SeeInvis .   a - +0 long sword
rCold    + . .     Gourm    .   c - +0 kite shield
rNeg     . . .     Faith    .   b - +0 scale mail
rPois    .         Spirit   .   j - +0 hat
rElec    .         Reflect  .   (no cloak)
rCorr    .         Harm     .   l - +1 pair of gloves {Dex+3}
MR       .....                  (no boots)
Stlth    ..........             m - amulet of the acrobat
HPRegen  0.09/turn              n - ring of protection from cold
MPRegen  0.07/turn              (no ring)

@: acrobat
A: retaliatory headbutt, horns 2
a: no special abilities


You were on level 1 of the Dungeon.
You were not hungry.

You visited 1 branch of the dungeon, and saw 1 of its levels.

You collected 41 gold pieces.

Inventory:

Hand Weapons
 a - a +0 long sword (weapon)
Missiles
 e - 28 poisoned darts (quivered)
Armour
 b - a +0 scale mail (worn)
 c - a +0 kite shield (worn)
 j - a +0 hat (worn)
 l - a +1 pair of gloves of dexterity (worn)
Jewellery
 m - an amulet of the acrobat (around neck)
 n - a ring of protection from cold (left hand)
Scrolls
 h - 3 scrolls of blinking {unknown}
 k - 3 scrolls of identify {unknown}
Potions
 d - a potion of might
 i - a potion of curing {unknown}
Comestibles
 f - 4 rations


   Skills:
 + Level 3.9 Fighting
 + Level 2.6 Long Blades
 + Level 3.8 Armour
 * Level 1.1 Dodging
 + Level 3.8 Shields


You had one spell level left.
You didn't know any spells.
Your spell library was empty.

Dungeon Overview and Level Annotations

Branches:
Dungeon (1/15)

Altars:


Innate Abilities, Weirdness & Mutations

You reflexively headbutt those who attack you in melee.
You have a pair of horns on your head.


Message History

Some of the chunks of flesh in your inventory have rotted away.
Found 19 stones.
Some of the chunks of flesh in your inventory have rotted away.
Really walk into a travel-excluded area? [Y]es or [N]o only, please.
Really walk into a travel-excluded area?
You are engulfed in blazing flames.
Ouch! That really hurt!
You start resting.
Some of the chunks of flesh in your inventory have rotted away. x2
All of the chunks of flesh in your inventory have rotted away.
HP restored.
Really walk into that cloud of flame?
Okay, then.
Really walk into that cloud of flame?
You are engulfed in blazing flames.
Ouch! That really hurt!
* * * LOW HITPOINT WARNING * * *
You are engulfed in blazing flames.
You die...

#............................
#.................##.........
#.........#####...#####......
#.........# #§☼○# #......
#.........# #○○○# #......
#......#### #.°§# #......
#.........#####...#####......
#########..§○○.?.).○○°.......
#..☼@°.(...§§☼.......
##.☼§§.(?[.§§§..#####
######...#####.# # §☼# #.# #○
§# #.# #○. # #.# #...#####.#
#........# ##########


There were no monsters in sight!

Vanquished Creatures
  A dart slug (D:1)
  A ball python (D:1)
  A giant cockroach (D:1)
  A goblin (D:1)
  2 hobgoblins (D:1)
  3 frilled lizards (D:1)
  A kobold (D:1)
  7 rats (D:1)
17 creatures vanquished.

Vanquished Creatures (others)
  A goblin (D:1)
1 creature vanquished.

Grand Total: 18 creatures vanquished

Notes
Turn   | Place    | Note
-------+----------+-------------------------------------------
     0 | D:1      | po7itron the Minotaur Fighter began the quest for the Orb.
     0 | D:1      | Reached XP level 1. HP: 19/19 MP: 0/0
   251 | D:1      | Reached XP level 2. HP: 27/27 MP: 1/1
   272 | D:1      | Reached skill level 1 in Dodging
   650 | D:1      | Engulfed by a cloud of flame

Illustrated notes

Levels and vault maps discovered:
D:1:      minmay_arrival_plants_in_alcoves, layout_basic, lemuel_flame_loot_1

Skill      XL: |  1  2 |
---------------+-------+-----
Dodging        | 1 |  1.1
Fighting       | |  3.9
Long Blades    | |  2.6
Armour         | |  3.8
Shields        | |  3.8

Action                   || total
-------------------------++-------
Melee: Long sword        ||    28
       Headbutt          ||     5
Armor: Scale mail        ||    12
Dodge: Dodged            ||     8
Block: Kite shield       ||     8
       Rpst.: Long sword ||     4
